 Dungeon Crawl Stone Soup version 0.19-a0-1712-gff403d4 (webtiles) character file.

32 Flanowski the Insei (level 3, 0/18 HPs)
             Began as a Vine Stalker Transmuter on Sept 28, 2016.
             Slain by Terence
             ... wielding a +0 mace
              (2 damage)
             ... on level 1 of the Dungeon.
             The game lasted 00:02:53 (1362 turns).

Flanowski the Insei (Vine Stalker Transmuter)       Turns: 1362, Time: 00:02:54

Health: 0/18       AC:  4    Str: 12    XL:     3   Next: 27%
Magic:  0/7        EV: 12    Int: 13    God:
Gold:   119        SH:  0    Dex: 15    Spells: 1 memorised, 6 levels left

rFire  . . .     SeeInvis .       - Unarmed
rCold  . . .     Gourm    .     b - +0 robe
rNeg   . . .     Faith    .     (no shield)
rPois  .         Spirit   +     (no helmet)
rElec  .         Dismiss  .     (no cloak)
rCorr  .         Reflect  .     (no gloves)
MR     .....     Harm     .     i - +0 pair of boots
Stlth  +.........               (no amulet)
                                (no ring)
                                (no ring)

@: no status effects
A: fangs 2, magic shield, antimagic bite, no device heal 3, rot immunity
a: no special abilities


You were on level 1 of the Dungeon.
You were hungry.

You visited 1 branch of the dungeon, and saw 2 of its levels.

You collected 119 gold pieces.

Inventory:

Missiles
 a - 12 arrows
Armour
 b - a +0 robe (worn)
 i - a +0 pair of boots (worn)
Wands
 m - a wand of disintegration (15/24)
Scrolls
 f - 2 scrolls of identify {unknown}
 l - a scroll of blinking {unknown}
Potions
 e - 2 potions of degeneration {unknown}
 g - 2 potions of curing {unknown}
 h - a potion of lignification {unknown}
 j - a potion of heal wounds {unknown}
Books
 c - a book of Changes

   Spells                             Type                      Level
   a - Beastly Appendage              Transmutation                1
   b - Sticks to Snakes               Transmutation                2
   c - Spider Form                    Transmutation/Poison         3
   d - Ice Form                       Ice/Transmutation            4
   e - Blade Hands                    Transmutation                5
Comestibles
 d - 2 bread rations
 k - 2 chunks of flesh


   Skills:
 + Level 1.0 Fighting
 + Level 1.9 Dodging
 + Level 3.3 Unarmed Combat
 + Level 2.5 Spellcasting
 * Level 2.6 Transmutations


You had 6 spell levels left.
You knew the following spells:

 Your Spells              Type           Power        Failure   Level  Hunger
a - Beastly Appendage     Tmut           #.....       10%         1    #......


Dungeon Overview and Level Annotations

Branches:
Dungeon (2/15)

Altars:
Dithmenos
Gozag
Sif Muna

Annotations:
D:1 Terence


Innate Abilities, Weirdness & Mutations

You have extremely sharp teeth.
When hurt, damage is shared between your health and your magic reserves.
Your bite disrupts and absorbs the magic of your enemies.
Potions and wands cannot restore your health.
You are immune to rotting.


Message History

Terence looks scornfully at you.
Casting: Beastly Appendage
Confirm with . or Enter, or press ? or * to list all spells.
You grow a pair of large bovine horns.
Terence hits you with a mace.
* * * LOW HITPOINT WARNING * * *
Unknown command.
You closely miss Terence. You headbutt Terence, but do no damage.
Your bite misses Terence.
Terence is lightly wounded.
You closely miss Terence.
Terence is lightly wounded.
Terence hits you with a mace.
* * * LOW HITPOINT WARNING * * *
Your transformation is almost over.
Terence closely misses you.
You hit Terence but do no damage.
Terence is lightly wounded.
Your horns disappear.
Terence hits you with a mace.
You die...

#.# #....#...## #.####### ##'##
####...### #........ #...## ##.##
#.....### .....## ### #.#
##....... ......## ##.###.#
##.##.###
.......####...##.########........
.......'......>..................
.......####...##.###........#.#..
......## ##.###@# #.#####..#.#.#
.....## #####@# #.##.......#.#
#...## #.....# #.##.###.###.#
##'## #.##### #.##.###.....# #.#
#.# #........##### ##.# #.#
####.##### ...## #.# #.# ####
#...#### #.# #.# #... .......#
#.# #.# #.##


You could see Terence.

Vanquished Creatures
  A gnoll (D:1)
  A worm (D:2)
  2 dart slugs (D:1)
  3 goblins (D:1)
  A hobgoblin (D:2)
  3 kobolds (D:1)
  3 bats (D:1)
  4 rats (D:1)
18 creatures vanquished.

Notes
Turn   | Place    | Note
-------+----------+-------------------------------------------
     0 | D:1      | Flanowski the Vine Stalker Transmuter began the quest for the Orb.
     0 | D:1      | Reached XP level 1. HP: 9/9 MP: 4/4
   213 | D:1      | Reached XP level 2. HP: 3/14 MP: 4/6
   802 | D:1      | Reached skill level 1 in Fighting
   812 | D:1      | Reached XP level 3. HP: 13/18 MP: 5/7
  1241 | D:2      | Found a shadowy altar of Dithmenos.
  1243 | D:2      | Noticed Terence
  1245 | D:2      | Found an opulent altar of Gozag.
  1245 | D:2      | Found a deep blue altar of Sif Muna.
  1362 | D:1      | Slain by Terence

Vault maps used:
D:1:      dpeg_arrival_stonehenge_12_columns, minivault_5, st_stairs_13
D:2:      grunt_temple_overflow_open, kennysheep_generic_room_10, uniq_terence

Skill      XL: |  1  2 |
---------------+-------+-----
Fighting       | 1 |  1.0
Dodging        | |  1.9
Unarmed Combat | |  3.3
Spellcasting   | |  2.5
Transmutations | |  2.6

Action                   || total
-------------------------++-------
Melee: Unarmed           ||    63
       Kick              ||     4
       Bite              ||     9
       Headbutt          ||    13
 Cast: Beastly Appendage ||    19
 Stab: Sleeping          ||     2
  Eat: Chunk             ||     1
Armor: Robe              ||    13
Dodge: Dodged            ||    40
